 Dungeon Crawl Stone Soup version 0.30.2 (webtiles) character file.

Game seed: 4118850144789568841

53 EC1 the Chiller (level 4, 24/24 HPs)
             Began as a Kobold Ice Elementalist on July 22, 2023.
             Was a Follower of Makhleb.
             Quit the game on level 2 of the Dungeon on Feb 14, 2024.
             The game lasted 00:07:15 (2412 turns).

EC1 the Chiller (Kobold Ice Elementalist)           Turns: 2412, Time: 00:07:15

Health: 24/24      AC:  2    Str:  5    XL:     4   Next: 11%
Magic:  8/8        EV: 15    Int: 18    God:    Makhleb [*.....]
Gold:   99         SH:  0    Dex: 15    Spells: 1/8 levels left

rFire   . . .        j - +2 dagger (venom)
rCold   . . .        (no shield)
rNeg    . . .        a - +0 robe
rPois   +            (no helmet)
rElec   .            (no cloak)
rCorr   .            (no gloves)
SInv    .            (no boots)
Will    .....        (no amulet)
Stlth   +++          c - ring of poison resistance
HPRegen 0.24/turn    (no ring)
MPRegen 0.11/turn

%: no passive effects
@: no status effects
A: small, no large weapons, nightstalker 3
a: Renounce Religion


You were on level 2 of the Dungeon.
You worshipped Makhleb.
Makhleb was aware of your devotion.
You visited 1 branch of the dungeon, and saw 2 of its levels.

You collected 99 gold pieces.

Inventory:

Hand Weapons
 e - a +0 sling
 f - a +0 short sword
 j - a +2 dagger of venom (weapon)
Armour
 a - a +0 robe (worn)
 i - a +0 buckler
Jewellery
 c - a ring of poison resistance (left hand)
Scrolls
 d - 2 scrolls of identify
 h - a scroll of blinking
 k - a scroll of teleportation
 l - a scroll of vulnerability {unknown}
 m - a scroll of magic mapping
Potions
 b - a potion of magic
 g - a potion of degeneration


   Skills:
 + Level 0.1 Fighting
 + Level 0.5 Short Blades
 + Level 2.8 Dodging
 + Level 3.3 Stealth
 + Level 2.7 Spellcasting
 + Level 4.6 Ice Magic


You had one spell level left.
You knew the following spells:

 Your Spells              Type           Power      Damage    Failure   Level
a - Freeze                Ice            76%        1d8       2%          1
b - Frozen Ramparts       Ice            38%        1d6       8%          3
c - Ozocubu's Armour      Ice            19%        N/A       8%          3

Your spell library contained the following spells:

 Spells                   Type           Power      Damage    Failure   Level
 Apportation              Tloc           4%         N/A       17%         1
 Necrotise                Necr           8%         1d4       17%         1
 Summon Small Mammal      Summ           8%         N/A       17%         1
 Summon Ice Beast         Ice/Summ       10%        N/A       54%         4


Dungeon Overview and Level Annotations

Branches:
Dungeon (2/15)

Altars:
Makhleb


Innate Abilities, Weirdness & Mutations

You are small and have problems with some larger weapons.
You are completely attuned to the shadows.


Message History

You hit the endoplasm.
The endoplasm is poisoned.
The endoplasm is heavily wounded.
The endoplasm completely misses you.
An endoplasm is nearby!
You hit the endoplasm but do no damage.
The endoplasm looks as sick as possible!
The endoplasm is heavily wounded.
The endoplasm freezes you.
You are frozen.
An endoplasm is nearby!
You barely miss the endoplasm.
The endoplasm is severely wounded.
The endoplasm misses you.
An endoplasm is nearby!
An endoplasm is nearby!
You hit the endoplasm.
You kill the endoplasm!
Makhleb accepts your kill.
HP restored.
You open the door.
There is an open door here.
Key pressed, stopping explore.
No target in view!
You open the door.
There is an open door here.
There is an open door here.
There is an open door here.
Key pressed, stopping explore.
No target in view!
There is an open door here.
There is an open door here.
Done exploring.
Casting: Frozen Ramparts (quite dangerous; 8% risk of failure)
Confirm with . or Enter, or press ? or * to list all spells.
Okay, then.
Unknown command.
Welcome back, EC1 the Kobold Ice Elementalist.
Blood and souls for Makhleb!
Press ? for a list of commands and other information.
Are you sure you want to abandon this character and quit the game? (Confirm with "yes".)

†#.........#.#####.#.#.#### #.#
#.##.......#.# #........# #.#
#.############# #........# #.#
...#...##.....# #...(....# #.#
...#...##.....# #........# #.#
...#...##.....## #........# #.#
...#...........# #.#.#.######.#
...####>.#.###.###.#.#.#......#
...# #.##.# #..@..#.#.###.####
...# #.##.#########.#.# #...#
#######.#...........§#.# ###.#
........####.........§§# #.#
....................§_.# #.#
.......#.###.........§.# #.#
.........#....<.......## #.#
#........#.#........§.# #.#
##.......#.#..........# #.#


There were no monsters in sight!

Vanquished Creatures
  2 worms (D:2)
  4 ball pythons
  9 endoplasms
  2 giant cockroaches (D:1)
  3 goblins
  3 hobgoblins
  4 jackals (D:1)
  3 kobolds
  2 quokkas
  2 bats
  2 frilled lizards
  4 rats
40 creatures vanquished.

Notes
Turn   | Place    | Note
-------+----------+-------------------------------------------
     0 | D:1      | EC1 the Kobold Ice Elementalist began the quest for the
                  | Orb.
     0 | D:1      | Reached XP level 1. HP: 10/10 MP: 3/3
   541 | D:1      | Reached XP level 2. HP: 15/15 MP: 0/5
  1078 | D:1      | Reached XP level 3. HP: 16/19 MP: 6/6
  1082 | D:1      | Learned a level 3 spell: Frozen Ramparts
  1086 | D:1      | Learned a level 3 spell: Ozocubu's Armour
  1740 | D:2      | Found a faded altar of an unknown god.
  1747 | D:2      | Prayed at the altar of an unknown god.
  1747 | D:2      | Became a worshipper of Makhleb the Destroyer
  1747 | D:2      | Reached * piety under Makhleb
  1910 | D:2      | Upgraded the game from 0.30.1-3-gfc49f6343a to 0.30.2
  1977 | D:2      | Reached XP level 4. HP: 24/24 MP: 8/8
  2412 | D:2      | Quit the game

Illustrated notes

Levels and vault maps discovered:
D:1:      psy_arrival_terrarium, layout_loops_corners, roderic_lattice_a
D:2:      layout_basic, ebering_ecumenical_altar_mist,
          kennysheep_cross_bottleneck, kennysheep_potato

Skill      XL: |  1  2  3 |
---------------+----------+-----
Stealth        | 3 |  3.3
Fighting       | |  0.1
Short Blades   | |  0.5
Dodging        | |  2.8
Spellcasting   | |  2.7
Ice Magic      | |  4.6

Action                     |  1- 3 |  4- 6 || total
---------------------------+-------+-------++-------
  Melee: Unarmed           |     3 |       ||     3
         Short sword       |    70 |       ||    70
         Dagger            |    11 |    12 ||    23
   Fire: Sling             |     3 |       ||     3
   Cast: Freeze            |    19 |       ||    19
         Frozen Ramparts   |     2 |       ||     2
         Ozocubu's Armour  |     1 |       ||     1
    Use: Scroll            |     5 |       ||     5
         Potion            |     2 |       ||     2
   Stab: Sleeping          |    12 |       ||    12
 Armour: Robe              |    11 |     1 ||    12
  Dodge: Dodged            |    72 |     4 ||    76
